 Dungeon Crawl Stone Soup version 0.19-a0-1384-gbb462ca (webtiles) character file.

193 aronpayne the Skirmisher (level 6, -6/51 HPs)
             Began as a Formicid Fighter on Sept 3, 2016.
             Killed by divine providence
             ... invoked by an orc priest
              (13 damage)
             ... on level 3 of the Dungeon.
             The game lasted 00:07:17 (2048 turns).

aronpayne the Skirmisher (Formicid Fighter)         Turns: 2048, Time: 00:07:18

Health: -6/51      AC:  8    Str: 23    XL:     6   Next: 3%
Magic:  6/6        EV:  9    Int:  7    God:
Gold:   126        SH:  9    Dex: 10    Spells: 0 memorised, 5 levels left

rFire  + . .     SeeInvis +     a - +0 long sword
rCold  x . .     Gourm    .     b - +0 scale mail
rNeg   . . .     Faith    .     c - +0 shield
rPois  .         Spirit   .     (helmet unavailable)
rElec  .         Dismiss  .     (no cloak)
rCorr  .         Reflect  .     (no gloves)
MR     .....     Harm     .     (no boots)
Stlth  ..........               (no amulet)
                                q - +1 ring of protection
                                k - ring of fire

@: no status effects
A: permanent stasis, dig shafts and tunnels, four strong arms, antennae 3
a: Dig, Shaft Self


You were on level 3 of the Dungeon.
You were not hungry.

You visited 1 branch of the dungeon, and saw 3 of its levels.

You collected 126 gold pieces.

Inventory:

Hand Weapons
 a - a +0 long sword (weapon)
Armour
 b - a +0 scale mail (worn)
 c - a +0 shield (worn)
Jewellery
 k - a ring of fire (left hand)
 q - a +1 ring of protection (right hand)
Scrolls
 d - a scroll of magic mapping {unknown}
 e - a scroll of random uselessness {unknown}
 m - 5 scrolls of identify
 n - 2 scrolls of amnesia {unknown}
 o - a scroll of recharging {unknown}
 p - a scroll of immolation {unknown}
 t - a scroll of enchant armour {unknown}
 u - a scroll of teleportation {unknown}
Potions
 h - 4 potions of heal wounds {unknown}
 j - a potion of lignification {unknown}
 l - a potion of berserk rage {unknown}
 r - a potion of invisibility {unknown}
 s - 2 potions of curing {unknown}
Comestibles
 f - 5 bread rations
 g - 4 chunks of flesh
 i - 2 fruits


   Skills:
 * Level 5.0 Fighting
 + Level 2.6 Long Blades
 + Level 4.1 Armour
 + Level 1.6 Dodging
 + Level 4.3 Shields


You had 5 spell levels left.
You didn't know any spells.

Dungeon Overview and Level Annotations

Branches:
Dungeon (3/15)

Altars:


Innate Abilities, Weirdness & Mutations

You are under a permanent stasis effect.
You can dig through walls and to a lower floor.
Your four strong arms can wield two-handed weapons with a shield.
You have a pair of large antennae on your head. (SInv)


Message History

An orc comes into view. It is wielding a short sword.
The giant newt bites you but does no damage.
The orc priest invokes the aid of Beogh against you.
Beogh smites you!
Okay, then.
You closely miss the giant newt.
The giant newt bites you but does no damage.
The orc priest mumbles some strange prayers to Beogh against you.
Beogh smites you!
You barely miss the giant newt. You block the giant newt's attack. x2
You slash the giant newt!
You kill the giant newt!
The orc priest mumbles some strange prayers to Beogh against you.
Beogh smites you!
* * * LOW HITPOINT WARNING * * *
The hobgoblin hits you with a club.
* * * LOW HITPOINT WARNING * * *
The orc priest calls down the wrath of Beogh upon you.
Beogh smites you!
You die...

........................#.##....#
.....#....................##....#
###......................########
.....#..{#.............#.#
####....w.(...........##.#
#.........#.###########.#
...##.>##..#.# #########.#
.###...>.w...# #.........#
#..####..oo###@######### #..#
###oSog..##### .... ######.....#
... #.....# .. #.....# #####
#.....# ##...## #.....###.....##
#......#.......# #......#.......#


You could see an orc priest, an orc wizard, an adder and a hobgoblin.

Vanquished Creatures
  The ghost of Xiguana the Vexing, an amateur SpAM (D:3)
  Jessica (D:2)
  4 adders
  2 oozes
  2 dart slugs
  A worm (D:3)
  A giant gecko (D:2)
  4 bats
  A giant cockroach (D:3)
  6 hobgoblins
  4 jackals (D:1)
  3 quokkas
  A ball python (D:1)
  5 giant newts
  8 goblins
  6 kobolds
  4 rats
54 creatures vanquished.

Notes
Turn   | Place    | Note
-------+----------+-------------------------------------------
     0 | D:1      | aronpayne the Formicid Fighter began the quest for the Orb.
     0 | D:1      | Reached XP level 1. HP: 18/18 MP: 1/1
    35 | D:1      | Reached XP level 2. HP: 15/24 MP: 2/2
   314 | D:1      | Reached XP level 3. HP: 28/30 MP: 3/3
   597 | D:1      | Reached skill level 4 in Fighting
   967 | D:2      | Noticed Jessica
   975 | D:2      | Killed Jessica
   975 | D:2      | Reached skill level 1 in Dodging
   975 | D:2      | Reached XP level 4. HP: 33/38 MP: 4/4
  1596 | D:2      | Reached XP level 5. HP: 43/43 MP: 5/5
  1980 | D:3      | Noticed Xiguana's ghost (amateur SpAM)
  1989 | D:3      | Killed Xiguana's ghost
  1989 | D:3      | Reached skill level 5 in Fighting
  1989 | D:3      | Reached XP level 6. HP: 27/51 MP: 6/6
  2048 | D:3      | Killed from afar by an orc priest

Vault maps used:
D:1:      dpeg_arrival_shelter
D:2:      minmay_tetromino_t2, uniq_jessica
D:3:      lightli_sewer_entry_pipes, uniq_grinder, uniq_robin

Skill      XL: |  1  2  3  4  5 |
---------------+----------------+-----
Fighting       | 4 5 |  5.0
Dodging        | 1 |  1.6
Shields        | 4 |  4.3
Armour         | 4 |  4.1
Long Blades    | |  2.6

Action                   |  1- 3 |  4- 6 || total
-------------------------+-------+-------++-------
Melee: Long sword        |   106 |   127 ||   233
  Use: Scroll            |     3 |     2 ||     5
       Potion            |     1 |     1 ||     2
  Eat: Chunk             |       |     4 ||     4
Armor: Scale mail        |    41 |    43 ||    84
Dodge: Dodged            |    33 |    35 ||    68
Block: Shield            |    50 |    65 ||   115
